Unix xNetHack Version 8.0.0 - last build Jan 15 2024 03:47:00 (be4d3c81716514284228e1a23197c27ddb32b841). Game began 2024-02-18 22:31:49, ended 2024-02-26 18:30:15. HungryMotu, neutral female human Valkyrie . ......*............0.0 }}}}}}}}}}}....}}}}}}.@.......... . .. .*.... .-------------- --- }}}}}}}}}}}}}}}}}}}}}}}.&&&.......... 0.0.... ...0.......}}}}}}........}}}}}}}}}}}}}}}}}}}}}}}....&&.&......... ...... ..00..#oo}}}}}}}&}}}}}}}}}}}}}}}}}}.}}}...}}}........j&....)(.... 0 <.0...000....#&}}}}}}}}}}}}}}}}}}}}}}}}.........}}}}.)................. 0...*.*.0.....}}}}}}}}}}}.}}}}}}}..................}}}}}.......)......}} 0*.....0p...}}}}}}}}}}..}}}}}}.......................}}}}}}}}.).[.}}}}}} ....*0.....}}}}}}}}}}..}}}}}}}.......................}}}}}}}}}}}}}}}}}} ... ........}}}}}.}}}}}}}}}}}}}}.......................}}}}}.)%.....}}}} ----.0.}}}}}}}}}}..}}}}}}}}}}}}}}}}....................}}}}}...%...}}}} -------}}}}}}}}}}}}}}}}}}}}}}}}}}}.}}}.}.....................}}}}}}}...}}}}}} }}}}}}}}}}}}}}}}}}}}}}}}}}}...}}}}}}}}}}&...............}}}}}}}}}}}}}}}}}}}}} }}}}}}}}}..}}.}}}}}}}..........}}}}}.}}}}..0.&......}}}}}}}}}}}}}}}}}}}}}}}}} ...------...}}}}}}}.-d-}}}}}-d-}.}.}}}}}}}}}}}}...}}}}}}}}}}}}}}}}}}}}}}}}}}} ..........}}}}}}}}[.-----_---- }}}}}}}}}}}}}}}}}}}}}}}}}}}}}}}}}}}}}}...}}}}} .}}}}}}}}}}}}}}}}}}}}|.......| }}}}}}}}}}}}}}}}}}}}}}} .}}}....... }}}}}}}}}}}}}}}}}}}}}|######.| }}}} ----- ----- ----- ----- ---- -------..}}}}}}}}}.(.|.......-------------...-----...-----...-----...-----... ......----------------..))....................................>.............. ..............................................................".............. HungryMotu the Heroine St:18/32 Dx:17 Co:16 In:7 Wi:15 Ch:8 Neutral S:588223 Dlvl:27 $:0 HP:0(237) Pw:73(73) AC:-5 Xp:22/194472 T:32424 Burdened Fly Latest messages: The vrock claws you! The vrock claws you! The vrock claws you! The vrock pecks! A vrock appears in a cloud of brimstone! The vrock misses! The vrock claws you! The vrock claws you! The vrock claws you! The vrock just misses! You see a gas cloud dissipate. The vrock just misses! The vrock misses! The vrock claws you! The vrock claws you! The vrock pecks! Charun pretends to be friendly. Charun punches you! Charun punches you! You are carrying too much to jump! Restoring save file... Velkommen HungryMotu, the human Valkyrie, welcome back to xNetHack! It is hot here. You smell smoke... You are lucky! Full moon tonight. Your movements are slowed slightly because of your load. What do you want to zap? [acdhqtuEFIKLQSUY or ?*] In what direction? You shudder for a moment. You die... Do you want your possessions identified? [ynq] (y) Do you want to see your attributes? [ynq] (y) Do you want an account of creatures vanquished? [ynaq] (y) Do you want to see your conduct and achievements? [ynq] (y) Do you want to see the dungeon overview? [ynq] (y) Inventory: Inventory: 1205/950 weight (47/52 slots) Amulets w - a blessed amulet of flying (being worn) {20} s - an uncursed glass amulet of reflection {17} Weapons e - the blessed rustproof +1 Mjollnir (weapon in hands) {50} Armor C - an uncursed +0 stone orcish helm (being worn) {20} b - an uncursed very burnt +0 pair of cloth gloves {6} G - an uncursed very burnt +0 pair of jumping boots (being worn) {15} R - an uncursed very burnt rotted +1 cloak of displacement {10} f - a blessed gray-scaled +5 splint mail {400} Comestibles N - a cursed carrot {2} l - an uncursed lizard corpse {10} Scrolls P - 3 blessed scrolls of identify {15} p - an uncursed scroll of teleportation {5} Rings v - an uncursed ring of free action (on right hand) {1} x - an uncursed ring of invisibility {3} k - an uncursed ring of polymorph control {3} i - an uncursed +3 ring of protection (on left hand) {3} W - an uncursed ring of regeneration {3} A - an uncursed ring of searching {3} H - an uncursed ring of see invisible {3} r - an uncursed ring of shock resistance {3} y - an uncursed ring of shock resistance {3} M - an uncursed ring of warning {3} Wands I - a wand of cancellation (0:1) {7} Q - a wand of cold (0:3) {7} u - a wand of death (0:0) {7} Y - a cursed wand of digging (0:4) {7} F - a wand of enlightenment (0:12) {7} S - a wand of enlightenment (0:7) {7} U - a wand of light (0:6) {7} E - a cursed wand of locking (0:0) {7} a - a blessed wand of make invisible (0:1) {7} L - a wand of make invisible (0:3) {7} t - a wand of make invisible (0:2) {7} d - a blessed wand of polymorph (0:0) {7} c - a wand of striking (0:0) {7} q - a blessed wand of teleportation (0:3) {7} h - a wand of teleportation (0:4) {7} K - a cursed wand of teleportation (0:3) {7} Tools z - a blessed greased plastic bag of holding containing 61 items {424} T - the Bell of Opening (0:3) {10} o - an uncursed magic lamp (lit) {20} Z - an uncursed skeleton key {3} j - an uncursed towel {2} m - a blessed +0 unicorn horn {20} Gems/Stones g - 3 uncursed opals {3} n - 3 uncursed rubies {3} J - a blessed luckstone {10} Contents of the plastic bag of holding: 3669 gold pieces 5 +0 silver daggers the rustproof +0 Snickersnee the +1 Sol Valtiva an uncursed +0 oilskin cloak 2 uncursed cram rations 2 uncursed lizard corpses 2 blessed scrolls of blank paper a blessed scroll of blank paper 14 uncursed scrolls of blank paper 2 uncursed scrolls of blank paper 2 uncursed scrolls of blank paper 2 uncursed scrolls of blank paper 9 uncursed scrolls of blank paper 4 cursed scrolls of blank paper an uncursed scroll of charging a cursed scroll of create monster an uncursed scroll of earth 3 uncursed scrolls of enchant armor a cursed scroll of enchant weapon an uncursed scroll of food detection an uncursed scroll of genocide 2 blessed scrolls of gold detection 3 uncursed scrolls of magic mapping 6 blessed scrolls of remove curse 2 uncursed scrolls of remove curse 2 uncursed scrolls of scare monster a blessed scroll of stinking cloud 2 uncursed scrolls of stinking cloud 2 uncursed scrolls of taming a blessed scroll of teleportation 16 uncursed scrolls of teleportation a cursed scroll of teleportation 5 uncursed scrolls of water 2 uncursed potions of healing an uncursed potion of invisibility a cursed potion of monster detection 3 uncursed potions of object detection a blessed potion of paralysis an uncursed potion of sickness an uncursed potion of sleeping 2 potions of holy water 19 uncursed potions of water a potion of unholy water an uncursed ring of slow digestion a wand of digging (0:7) a wand of digging (0:7) a wand of digging (0:7) a wand of digging (0:7) a wand of digging (0:4) a wand of digging (0:0) a wand of digging (0:0) a wand of secret door detection (0:9) a wand of teleportation (0:7) a wand of teleportation (0:6) a wand of undead turning (0:4) a can of grease (0:11) a crystal ball (0:3) an uncursed lock pick an uncursed magic whistle 4 uncursed tallow candles HungryMotu the Valkyrie's attributes: Background: You were a Heroine, a level 22 human Valkyrie. You were neutral, on a mission for Odin who was opposed by Tyr (lawful) and Loki (chaotic). You were heterosexual. You were in Gehennom, on level 27. You entered the dungeon 32424 turns ago. There was a full moon in effect when your adventure ended. You had 194472 experience points, 43528 more were needed for level 23. Your score was 588223 before end-of-game adjustments. Basics: You had 0 out of 237 hit points. You had all 73 energy points (spell power). Your armor class was -5. Your wallet was empty, but you had 3669 zorkmids stashed away in your pack. Autopickup was off. Final Characteristics: Your strength was 18/32 (limit:18/100). Your dexterity was 17 (limit:18). Your constitution was 16 (peak:18, limit:18). Your intelligence was 7 (limit:18). Your wisdom was 15 (limit:18). Your charisma was 8 (limit:18). Final Status: You were flying. You were not hungry. You were burdened; movement was slightly slowed. You were wielding a hammer. You were skilled in hammer. Final Attributes: You were piously aligned. You were fire resistant. You were cold resistant. You were sleep resistant. You were shock resistant. You were poison resistant. You were telepathic. You were stealthy. You could jump. You had a large defense bonus (+13). You were warded. You had free action. You were extremely lucky. You had extra luck. Good luck did not time out for you. You are dead. Miscellaneous: You encountered 2 bones levels. Total elapsed playing time was 9 hours, 24 minutes and 25 seconds. Major events: Turn 1: HungryMotu the neutral human Valkyrie entered the dungeon 519: entered the Gnomish Mines 790: attained the rank of Skirmisher (level 3) 1545: attained the rank of Fighter (level 6) 5509: entered Sokoban 6058: completed 1st Sokoban level 6700: completed 2nd Sokoban level 7106: completed 3rd Sokoban level 8028: completed 4th Sokoban level 9051: acquired the Sokoban amulet of reflection 9841: found Snickersnee on the floor 10746: attained the rank of Woman-at-arms (level 10) 13934: acquired the Mines' End luckstone 14009: made her first wish - "blessed gray dragon scales", got "a set of gray dragon scales" 20317: attained the rank of Warrior (level 14) 20727: killed Medusa 21230: wished for "blessed amulet of flying", got "a triangular amulet" 22904: found Sol Valtiva carried by a monster 22966: killed Lord Surtur 22967: acquired the Bell of Opening 24220: was bestowed with Mjollnir by Odin 26643: entered Gehennom 26731: attained the rank of Swashbuckler (level 18) 27406: destroyed the invisible SamG's ghost, the former Swashbuckler 27566: found Excalibur on the floor 31174: killed Cerberus 31805: attained the rank of Heroine (level 22) 32424: killed by a system shock Vanquished creatures: Medusa 3 storm giants Cerberus a purple worm 2 phoenixes 2 gray dragons a gold dragon 3 red dragons an orange dragon 2 blue dragons a yellow dragon Lord Surtur 2 Angels 2 pit fiends 2 hell hounds a titanothere a disenchanter a genetic engineer 3 vampire leaders 66 skeletons 2 captains 3 liches a clay golem 3 nurses an ice devil a nalfeshnee 3 mumakil a lurker above 21 frost giants 2 ettins 14 vampires 3 lieutenants a watch captain 2 queen bees 2 winged gargoyles 2 giant mimics 2 orc-captains 3 long worms 32 fire giants 2 ogre tyrants an elven monarch 2 ice trolls a rock troll 2 mind flayers a flesh golem a doppelganger 3 hezrous 17 bone devils 3 large mimics 7 fire vortices 4 couatls 3 stalkers a fire elemental a water elemental 2 hill giants a black naga 5 xorns 4 giant zombies 10 sergeants a water demon 17 barbed devils 9 vrocks 2 salamanders a warg a winter wolf 7 small mimics a glass piercer 2 warhorses a steam vortex 5 xans 3 ettin mummies 6 ogre leaders 8 trolls a quantum mechanic 5 sasquatches 2 wood golems 5 mariliths 4 sharks a pyrolisk a freezing sphere a flaming sphere 2 shocking spheres 3 tigers 8 tengu 2 ochre jellies 2 leocrottas 6 stone giants an elf mummy 2 red nagas a green slime 9 Grey-elves 5 pythons 2 cobras 30 wraiths 2 carnivorous apes 8 ettin zombies 2 leather golems 39 soldiers 4 watchmen an amorous demon 9 horned devils 2 chameleons 3 crocodiles 5 giant beetles 2 quivering blobs 9 cockatrices 12 wolves 5 winter wolf cubs a lynx 2 panthers a gremlin a spotted jelly 17 leprechauns 8 mountain nymphs an iron piercer 4 giant spiders 4 scorpions 2 black lights 8 vampire bats a forest centaur 4 gnome rulers an orc mummy a dwarf mummy 3 ogres 16 brown puddings a Green-elf 7 rust monsters 6 owlbears a yeti 3 gold golems 2 piranha 4 giant eels 6 lizards 2 warriors a chickatrice a dog 4 jaguars a dwarf leader a blue jelly 3 water nymphs 3 white unicorns a dust vortex 26 ravens 2 plains centaurs 5 Woodland-elves 4 snakes 8 water moccasins 20 ghosts 2 apes 5 human zombies 2 rope golems 19 soldier ants 38 fire ants 2 imps a lemure a quasit 9 wood nymphs 10 bugbears a Mordor orc 12 Uruk-hai 6 orc shamans 7 rock piercers 3 rock moles 3 ponies 5 fog clouds 4 yellow lights 4 shriekers 3 violet fungi a black mold 16 gnome leaders 3 gnomish wizards 2 kobold mummies 7 gray oozes a barrow wight 7 elf zombies 10 ghouls a straw golem a jellyfish 14 giant ants a little dog 9 floating eyes 3 kittens 19 dwarves 2 homunculi 3 kobold leaders 2 kobold shamans a hill orc 7 rothes a rabid rat 2 centipedes 5 monkeys an orc zombie 12 dwarf zombies 7 iguanas 29 killer bees an acid blob 6 coyotes 4 gas spores 6 hobbits a large kobold 12 hobgoblins 4 giant rats 3 cave spiders 6 brown molds 3 yellow molds 3 green molds 4 red molds 77 gnomes 4 garter snakes 3 gnome zombies 8 geckos 11 jackals a fox a kobold 3 goblins 8 sewer rats 7 grid bugs a bat 9 lichens 9 kobold zombies a human 13 newts 1227 creatures vanquished. No species were genocided or became extinct. Voluntary challenges: You read items or engraved 62 times. You never genocided any monsters. You polymorphed 2 items. You never changed form. You used 2 wishes. You did not wish for any artifacts. You violated the special Sokoban rules twice. Achievements: You entered the Gnomish Mines. You attained the rank of Skirmisher. You attained the rank of Fighter. You entered a shop. You entered a temple. You entered Sokoban. You completed Sokoban. You attained the rank of Woman-at-arms. You completed the Gnomish Mines. You attained the rank of Warrior. You defeated Medusa. You had the Bell of Opening. You entered Gehennom. You attained the rank of Swashbuckler. You attained the rank of Heroine. Dungeon overview: The Dungeons of Doom: levels 1 to 25 Level 1: Level 2: A sink, a grave. Stairs down to The Gnomish Mines. Level 3: An altar to Odin. Level 4: A general store. Level 5: A fountain. Level 6: Some fountains. Level 7: Many fountains, a grave. Level 8: A weapon shop. Level 9: Many fountains. Oracle of Delphi. Level 10: Stairs up to Sokoban, level 9. Level 11: An altar to Odin. Level 12: A grave. Final resting place for Gouhan-Sam-Hum-Mal-Law, killed by a troll. Level 13: Some fountains. Level 14: A fountain. Level 15: Level 16: A weapon shop. Portal to The Quest. Level 17: Level 18: A general store. Level 19: A fountain. Level 20: Level 21: Level 22: A fountain, a tree. Level 23: Many trees. Level 24: Some fountains. Level 25: A fountain. The castle. Gehennom: levels 26 to 29 Level 26: A temple, many graves. Valley of the Dead. Final resting place for SamG-Val-Hum-Fem-Law, killed by a barbed devil. Level 27: <- You were here. Stairs up to Vlad's Tower, level 26. Final resting place for you, killed by a system shock. Level 28: Level 29: Stairs down to Asphodel. The Gnomish Mines: levels 3 to 11 Level 3: Level 4: Level 5: Many shops, a temple, some fountains, a sink. Level 6: Level 7: Level 8: Level 9: Level 10: Level 11: A fountain. The Quest: levels 1 to 5 Level 1: A tree. Completed quest for the Norn. Level 2: Level 3: Level 4: Level 5: Sokoban: levels 9 up to 6 Level 6: Solved. Level 7: Solved. Level 8: Solved. Level 9: Solved. Vlad's Tower: Level 26: Asphodel: Level 30: Game over: __________ / \ / REST \ / IN \ / PEACE \ / \ | HungryMotu | | 3669 Au | | killed by a | | system shock | | | | | | 2024 | *| * * * | * _________)/\\_//(\/(/\)/\//\/|_)_______ Farvel HungryMotu the Valkyrie... You died in Gehennom on dungeon level 27 with 587857 points, and 3669 pieces of gold, after 32424 moves. You were level 22 with a maximum of 237 hit points when you died.